AoeStats
← Mirson

Black Forest

507997153Analyzed
3v3 RM · 11d ago on Sep 20, 2026· 41m 34s· 6 players
Game mode
Random Map
Map size
Normal (6 player)
Population
200
Speed
Normal
Resources
Standard
Victory
Conquest
Starting age
Dark Age
Ending age
Imperial Age
RankedLock teamsTeams togetherTeam positionsShared explorationLock speedFull tech treeHidden civsTurbo modeCheats
Victory
Defeat
🇨🇱 Sicilians · Chile
981
+14
🇹🇼 Hindustanis · Taiwan
973
+15
931
+17
🇩🇪 Slavs · Germany
1064
-20
🇨🇷 Chinese · Costa Rica
916
-14
🇩🇪 Mongols · Germany
860
-12
Mirson
0:27 Loom
13:51 Feudal Age
14:26 Double-Bit Axe
17:13 Fletching
19:33 Padded Archer Armor
23:59 Gold Mining
26:34 Castle Age
25:06 Horse Collar
26:35 Crossbowman
27:12 Bodkin Arrow
28:44 Leather Archer Armor
30:28 Ballistics
36:54 Wheelbarrow
40:21 Imperial Age
38:06 Masonry
39:20 Hand Cart
40:26 Fortified Wall
40:20 Stone Mining
40:56 Bow Saw
40:38 Capped Ram
mandalvarado
paulpowderson
1:43 Loom
13:23 Feudal Age
18:10 Castle Age
19:34 Wheelbarrow
22:04 Husbandry
22:15 Scale Barding Armor
22:55 Horse Collar
25:50 Double-Bit Axe
25:59 Gold Mining
26:59 Forging
27:10 Bloodlines
31:03 Hand Cart
31:42 Chain Barding Armor
37:16 Imperial Age
36:30 Stone Mining
37:17 Gold Shaft Mining
37:48 Bow Saw
37:57 Capped Ram
39:17 Iron Casting
38:34 Fletching
39:47 Chemistry
38:59 Fortified Wall
38:43 Pikeman
39:26 Squires
39:12 Arson
41:06 Cavalier
一直嬉皮笑臉
1:29 Loom
15:21 Feudal Age
15:54 Fishing Lines
19:04 Castle Age
17:42 Double-Bit Axe
18:49 Horse Collar
20:42 Wheelbarrow
22:27 Bow Saw
22:12 Gold Mining
23:22 Stone Mining
25:03 Gold Shaft Mining
27:19 Forging
27:15 Scale Barding Armor
30:39 Imperial Age
29:55 Bloodlines
29:45 Husbandry
31:13 Iron Casting
30:59 Chain Barding Armor
31:22 Heavy Plow
30:46 Heavy Camel Rider
32:03 Conscription
33:48 Chemistry
33:17 Grand Trunk Road
32:59 Imperial Camel Rider
37:03 Stone Shaft Mining
36:49 Squires
37:15 Hand Cart
38:06 Blast Furnace
41:05 Shatagni
german satula
2:26 Loom
4:07 Loom
12:41 Feudal Age
22:55 Gold Mining
22:56 Stone Mining
23:03 Double-Bit Axe
28:54 Castle Age
30:22 Town Watch
30:20 Pikeman
31:10 Squires
32:13 Wheelbarrow
34:39 Fletching
35:56 Forging
39:39 Iron Casting
39:05 Padded Archer Armor
39:01 Bodkin Arrow
42:23 Imperial Age
victor.rodrigo159753
11:35 Feudal Age
13:04 Wheelbarrow
12:17 Double-Bit Axe
12:15 Horse Collar
19:40 Castle Age
21:58 Bow Saw
21:50 Heavy Plow
22:49 Hand Cart
25:54 Fortified Wall
25:14 Elite Skirmisher
25:48 Pikeman
32:25 Imperial Age
33:43 Chemistry
35:01 Two-Man Saw
34:17 Halberdier
Connection lost

Rejoining the realm…

Still unreachable

The connection could not be restored.

Session expired

The server has moved on; the page needs a fresh start.